 Dungeon Crawl Stone Soup version 0.21-a0-225-g207ae17 (webtiles) character file.

30 tidbits the Skirmisher (level 3, -4/57 HPs)
             Began as a Draconian Wanderer on Aug 28, 2017.
             Slain by an ogre
             ... wielding a +0 giant spiked club
              (16 damage)
             ... on level 4 of the Dungeon.
             The game lasted 00:03:31 (467 turns).

tidbits the Skirmisher (Draconian Wanderer)          Turns: 467, Time: 00:03:32

Health: -4/57      AC: 21    Str: 15    XL:     3   Next: 5%
Magic:  3/3        EV:  2    Int: 13    God:
Gold:   54         SH:  4    Dex: 11    Spells: 2/2 levels left

rFire    . . .     SeeInvis .   a - +2 hand axe
rCold    . . .     Gourm    .   D - +0 buckler
rNeg     + + +     Faith    .   (armour unavailable)
rPois    +         Spirit   .   (helmet currently unavailable)
rElec    .         Reflect  .   (cloak currently unavailable)
rCorr    .         Harm     .   (gloves currently unavailable)
MR       .....     NoTele   +   (boots currently unavailable)
Stlth    +.........             (no amulet)
HPRegen  0.19/turn              P - ring of poison resistance
MPRegen  0.08/turn              j - +2 ring of strength

@: tree-form
A: unfitting armour, AC +5
a: no special abilities


You were on level 4 of the Dungeon.
You were not hungry.
You were a tree.
You visited 1 branch of the dungeon, and saw 4 of its levels.

You collected 54 gold pieces.

Inventory:

Hand Weapons
 a - a +2 hand axe (weapon)
 b - a +0 spear
 g - a +1 dagger of distortion
   (You took it off a goblin on level 2 of the Dungeon)
Missiles
 e - 93 stones (quivered)
 h - 14 poisoned needles
 l - 21 arrows
Armour
 D - a +0 buckler (worn)
 F - a +0 pair of boots (melded)
Jewellery
 j - a +2 ring of strength (right branch)
   (You found it on level 2 of the Dungeon)
 P - a ring of poison resistance (left branch)
   (You found it on level 2 of the Dungeon)
Wands
 o - a wand of acid (7/15)
Scrolls
 f - a scroll of random uselessness {unknown}
 i - a scroll of remove curse
 k - a scroll of identify
 p - a scroll of teleportation {unknown}
Potions
 c - a potion of lignification
 q - 2 potions of curing
Comestibles
 d - a bread ration
 m - a meat ration
 n - a chunk of flesh


   Skills:
 - Level 6.9 Fighting
 - Level 2.0 Axes
 - Level 1.4 Dodging
 + Level 2.3 Shields


You had 2 spell levels left.
You didn't know any spells.

Dungeon Overview and Level Annotations

Branches:
Dungeon (4/15)
 Temple: D:4-7

Altars:
Fedhas
Nemelex Xobeh

Annotations:
D:4 Dowan, Duvessa


Innate Abilities, Weirdness & Mutations

((Your plain brown scales are hard. (AC +5)))
You cannot fit into any form of body armour.
((You are cold-blooded and may be slowed by cold attacks.))


Message History

You hit the worm.
The worm is severely wounded.
You hit the worm.
The worm is almost dead.
The worm barely misses you.
You hit the worm.
The worm is almost dead.
The worm bites you.
* * * LOW HITPOINT WARNING * * *
You hit the worm.
The worm is almost dead.
The worm barely misses you.
You hit the worm.
The worm is almost dead.
You hit the worm.
You kill the worm!
You have reached level 3!
Your experience leads to an increase in your attributes!
Your base attributes are Str 13, Int 13, Dex 10.
Increase (S)trength, (I)ntelligence, or (D)exterity?
You feel agile.
Your scales feel tougher.
You see here a worm corpse.
You butcher the worm corpse.
n - a chunk of flesh
Found a stone staircase leading up.
Found a scroll labeled ENUFELUXAH.
There is a stone staircase leading up here.
k - 4 scrolls labeled ENUFELUXAH (gained 1)
There is a stone staircase leading up here.
You climb upwards.
Found four items.
There is a stone staircase leading down here.
o - a wand of acid (?/15)
p - a scroll labeled UKOESI JAOXETH You now have 54 gold pieces (gained 18).
q - 2 fizzy grey potions You see here a club.
There is a stone staircase leading down here.
As you read the scroll labeled ENUFELUXAH, it crumbles to dust.
It is a scroll of identify.
o - a wand of acid (7/15)
As you read the scroll of identify, it crumbles to dust.
q - 2 potions of curing
As you read the scroll of identify, it crumbles to dust.
m - a potion of degeneration Drop what? 20/52 slots (_ for help) (? for menu, Esc to quit)
You drop a potion of degeneration.
You climb downwards.
There is a stone staircase leading up here.
Found a stone staircase leading up.
There is a stone staircase leading up here.
You climb upwards.
There is a stone staircase leading down here.
Found 17 stones.
A hobgoblin comes into view.
You slash the hobgoblin!
You kill the hobgoblin!
e - 93 stones (gained 17)
There is a stone staircase leading down here.
You climb downwards.
There is a stone staircase leading up here.
Found a meat ration.
Found a stone staircase leading down.
m - a meat ration
There is a stone staircase leading down here.
There is a stone staircase leading down here.
You climb downwards.
An ogre, Duvessa and Dowan come into view.
Dowan is wielding a dagger of flaming.
Duvessa shouts!
The ogre shouts!
Found 25 bolts.
There is a stone staircase leading up here.
You turn into a tree.
Your +0 pair of boots melds into your body.
Your roots penetrate the ground.
The ogre hits you with a giant spiked club!
Dowan moves out of view.
Duvessa drinks a potion.
Duvessa suddenly seems more agile.
You hit the ogre.
The ogre is lightly wounded.
You hit the ogre.
The ogre is moderately wounded.
The ogre hits you with a giant spiked club!
You slash the ogre!
The ogre is heavily wounded.
You block the ogre's attack.
Duvessa zaps a wand.
It is a wand of polymorph (?/24).
You hit the ogre.
The ogre is severely wounded.
The ogre hits you with a giant spiked club!
* * * LOW HITPOINT WARNING * * *
You slash the ogre!
The ogre is almost dead.
You hit Duvessa but do no damage. Duvessa hits you but does no damage.
The ogre hits you with a giant spiked club!
* * * LOW HITPOINT WARNING * * *
Duvessa zaps a wand.
You resist with significant effort.
You hit Duvessa but do no damage. You hit the ogre.
The ogre hits you with a giant spiked club!
You die...

#. #. #. #. #.
#.#####...
.#####.eO......
.......♣#
.........(#
..........#
........#..#
############


You could see Duvessa and an ogre.

Vanquished Creatures
  An adder (D:2)
  A worm (D:3)
  A dart slug (D:2)
  A leopard gecko (D:2)
  A giant cockroach (D:1)
  2 goblins
  3 hobgoblins (D:2)
  A quokka (D:2)
  A frilled lizard (D:2)
  3 rats
15 creatures vanquished.

Notes
Turn   | Place    | Note
-------+----------+-------------------------------------------
     0 | D:1      | tidbits the Draconian Wanderer began the quest for the Orb.
     0 | D:1      | tidbits set off with: a +2 hand axe, a +0 spear, a potion of lignification, a bread ration
     0 | D:1      | Reached XP level 1. HP: 25/25 MP: 1/1
    99 | D:2      | Reached skill level 1 in Dodging
    99 | D:2      | Reached XP level 2. HP: 31/31 MP: 2/2
   184 | D:2      | Found a sparkling altar of Nemelex Xobeh.
   242 | D:2      | Found a blossoming altar of Fedhas.
   350 | D:3      | Reached XP level 3. HP: 16/38 MP: 3/3
   460 | D:4      | Noticed Duvessa
   460 | D:4      | Noticed Dowan
   460 | D:4      | Noticed an ogre
   467 | D:4      | Slain by an ogre

Vault maps used:
D:1:      scummos_arrival_simple_fountains, palyth_stone_intersect,
          minmay_misc_feat_iff, minmay_misc_feat_rugged, grunt_decor_cap
D:2:      nicolae_overflow_crystal_walls, nemelex_diamond_rough_becter,
          uniq_natasha
D:3:      first_bread, minmay_unequal, uniq_jessica, uniq_terence, uniq_ijyb,
          uniq_sigmund
D:4:      lemuel_coloured_pillars_altar, minmay_temple_entry_overgrown,
          uniq_duvessa

Skill      XL: |  1 |
---------------+----+-----
Dodging        | 1 |  1.4
Fighting       | |  6.9
Axes           | |  2.0
Shields        | |  2.3

Action                   || total
-------------------------++-------
Melee: Hand axe          ||    36
       Tailslap          ||     2
  Use: Scroll            ||     4
       Potion            ||     1
 Stab: Sleeping          ||     1
Armor: Skin              ||     1
Dodge: Dodged            ||     7
Block: Buckler           ||     1

Table legend:
 A = Spawn XP
 B = Non-spawn XP
 C = Spawn XP percentage of total XP
 D = Spawn monster count
 E = Non-spawn monster count
 F = Spawn count percentage of total count
 G = Total turns spent on level
                    A         B        C        D         E        F      G
               +---------+---------+-------+---------+---------+-------+---------
         Total |       2 |      42 |   4.5 |       1 |      14 |   6.7 |   467
               +---------+---------+-------+---------+---------+-------+---------
           D:1 |       0 |       6 |   0.0 |       0 |       4 |   0.0 |   104
           D:2 |       2 |      31 |   6.1 |       1 |       9 |  10.0 |   268
           D:3 |       0 |       5 |   0.0 |       0 |       1 |   0.0 |    88
               +---------+---------+-------+---------+---------+-------+---------

Table legend:
 A = Turns spent in this place as a percentage of turns spent in the entire game.
 B = Non-inter-level travel turns spent in this place as a percentage of non-inter-level travel turns spent in the entire game.
 C = Inter-level travel turns spent in this place as a percentage of turns spent in this place.
 D = Turns resting spent in this place as a percentage of non-inter-level travel turns spent in this place.
 E = Turns spent auto-exploring this place as a percentage of non-inter-level travel turns spent in this place.
 F = Non-inter-level travel turns spent in this place divided by the number of levels of this place that you've seen.
                   A       B       C       D       E      F
               +-------+-------+-------+-------+-------+----------------------
         Total | 100.0 | 100.0 |   0.0 |   0.0 |   0.0 | 116.8
       Dungeon | 100.0 | 100.0 |   0.0 |   0.0 |   0.0 | 116.8
               +-------+-------+-------+-------+-------+----------------------

Table legend:
 A = Kills in this place as a percentage of kills in entire the game.
 B = Kills by you in this place as a percentage of kills by you in the entire game.
 C = Kills by friends in this place as a percentage of kills by friends in the entire game.
 D = Other kills in this place as a percentage of other kills in the entire game.
 E = Experience gained in this place as a percentage of experience gained in the entire game.
 F = Experience gained in this place divided by the number of levels of this place that you have seen.
                   A       B       C       D       E      F
               +-------+-------+-------+-------+-------+----------------------
         Total | 100.0 | 100.0 |   N/A |   N/A | 100.0 |  11.0
       Dungeon | 100.0 | 100.0 |   N/A |   N/A | 100.0 |  11.0
               +-------+-------+-------+-------+-------+----------------------

Vault maps used:
D:1:      scummos_arrival_simple_fountains, palyth_stone_intersect,
          minmay_misc_feat_iff, minmay_misc_feat_rugged, grunt_decor_cap
D:2:      nicolae_overflow_crystal_walls, nemelex_diamond_rough_becter,
          uniq_natasha
D:3:      first_bread, minmay_unequal, uniq_jessica, uniq_terence, uniq_ijyb,
          uniq_sigmund
D:4:      lemuel_coloured_pillars_altar, minmay_temple_entry_overgrown,
          uniq_duvessa
